 Dungeon Crawl Stone Soup version 0.27-a0-1374-gc14e5d3922 (webtiles) character file.

Game seed: 16300979573359550003

819 Froggeryz the Cutter (level 7, -9/69 HPs)
             Began as an Octopode Berserker on June 29, 2021.
             Was a Priest of Trog.
             Mangled by Prince Ribbit (16 damage)
             ... on level 6 of the Dungeon.
             The game lasted 00:03:46 (4988 turns).

Froggeryz the Cutter (Octopode Berserker)           Turns: 4988, Time: 00:03:46

Health: -9/69      AC:  1    Str: 17    XL:     7   Next: 95%
Magic:  7/7        EV: 14    Int:  9    God:    Trog [***...]
Gold:   179        SH:  0    Dex: 13    Spells: 6/6 levels left

rFire    . . .     SeeInvis .   c - +1 dagger (venom)
rCold    . . .     Faith    .   (no shield)
rNeg     . . .     Spirit   .   (helmet restricted)
rPois    .         Reflect  .   n - amulet of magic regeneration
rElec    .         Harm     .   (no ring)
rCorr    .         Rampage  .   (no ring)
Will     .....                  (no ring)
Stlth    ..........             (no ring)
HPRegen  0.21/turn              (no ring)
MPRegen  0.35/turn              (no ring)
                                (no ring)
                                (no ring)

@: berserking (expiring), very quick
A: almost no armour, amphibious, 8 rings, camouflage 1, gelatinous body 1,
(nimble swimmer 1), tentacles
a: Renounce Religion, Berserk, Trog's Hand


You were on level 6 of the Dungeon.
You worshipped Trog.
Trog was most pleased with you.
You visited 2 branches of the dungeon, and saw 7 of its levels.

You collected 179 gold pieces.

Inventory:

Hand Weapons
 c - a +1 dagger of venom (weapon)
 g - a +2 short sword of flaming
Missiles
 m - 3 poisoned darts (quivered)
Jewellery
 h - a ring of ice
 n - an amulet of magic regeneration (around mantle)
Scrolls
 a - 2 scrolls of identify {unknown}
 b - 4 scrolls of teleportation {unknown}
 d - a scroll of fear {unknown}
 e - 3 scrolls of amnesia {unknown}
 f - a scroll of noise {unknown}
 i - a scroll of summoning {unknown}
 j - 2 scrolls of blinking {unknown}
 k - a scroll of vulnerability {unknown}
 l - a scroll of brand weapon {unknown}
Potions
 o - a potion of attraction {unknown}


   Skills:
 - Level 3.0 Fighting
 * Level 7.1 Short Blades
 + Level 4.1 Dodging
 - Level 7.0 Stealth


You had 6 spell levels left.
You didn't know any spells.
Your spell library was empty.

Dungeon Overview and Level Annotations

Branches:
Dungeon (6/15)             Temple (1/1) D:4

Altars:
Ashenzari
Gozag
Makhleb
Yredelemnul
Zin

Annotations:
D:6 Prince Ribbit


Innate Abilities, Weirdness & Mutations

You cannot wear most types of armour.
You are amphibious.
You can wear up to eight rings at the same time.
Your skin changes colour to match your surroundings (Stealth+).
Your rubbery body absorbs attacks. (AC +1, EV +1)
((You are camouflaged near water. (Stealth+)))
You have tentacles for arms and can constrict up to eight enemies at once.


Message History

You closely miss Prince Ribbit. Your grab misses Prince Ribbit.
Prince Ribbit is lightly wounded.
Prince Ribbit blinks!
Prince Ribbit blinks!
Throw: 4 darts (poison)
Press: ? - help, Q - select action, (/) - cycle Shift-Dir - straight line, f - Prince Ribbit
Aim: Prince Ribbit (lightly wounded, 34% to hit)
You throw a poisoned dart.
The poisoned dart completely misses Prince Ribbit.
Prince Ribbit hits you. Prince Ribbit closely misses you.
You hit Prince Ribbit but do no damage.
Prince Ribbit is poisoned.
Your grab misses Prince Ribbit. Prince Ribbit barely misses you.
You hit Prince Ribbit.
Prince Ribbit looks as sick as possible!
Your grab misses Prince Ribbit. Your squeeze misses Prince Ribbit.
Prince Ribbit is lightly wounded.
Prince Ribbit hits you!!
You miss Prince Ribbit. Your grab misses Prince Ribbit.
Prince Ribbit is lightly wounded.
Prince Ribbit hits you!!
* * * LOW HITPOINT WARNING * * *
You are too injured to fight recklessly!
Okay, then.
Okay, then.
A red film seems to cover your vision as you go berserk!
You feel yourself moving faster!
You feel mighty! Prince Ribbit closely misses you.
You feel a strong urge to attack something.
Prince Ribbit closely misses you.
There is a stone staircase leading up here.
You puncture Prince Ribbit!
Prince Ribbit looks as sick as possible!
Your grab misses Prince Ribbit.
Prince Ribbit is severely wounded.
You puncture Prince Ribbit!
Prince Ribbit looks as sick as possible!
Your grab misses Prince Ribbit.
Prince Ribbit is almost dead.
Prince Ribbit hits you!
You die...

...#..... #..S#.... #
/#..(#..#.# #...#...#.
...#..... #####
........#########...#
#.#(........#...###
#....######F......#
(..###..##....@......#
#....<....###.....>.#
####...#### #.#...###
#.....#####.#...#
...........<..##.##
#####.##########.# #.#
#.# #.# #.# #+ #.#


You could see Prince Ribbit (extremely poisoned).

Vanquished Creatures
  A centaur (D:5)
  A phantom (D:4)
  A scorpion (D:5)
  A bullfrog zombie (D:5)
  A centaur zombie (D:5)
  5 hounds
  4 iguanas
  5 orc wizards
  3 adders
  4 gnolls (D:5)
  2 white imps (D:5)
  An adder skeleton (D:4)
  2 worms (D:2)
  5 dart slugs
  8 orcs
  5 ball pythons
  6 endoplasms
  6 giant cockroaches
  6 goblins
  2 quokkas (D:1)
  5 bats
  7 frilled lizards
  4 kobolds
  4 rats
89 creatures vanquished.

Notes
Turn   | Place    | Note
-------+----------+-------------------------------------------
     0 | D:1      | Froggeryz the Octopode Berserker began the quest for the
                  | Orb.
     0 | D:1      | Reached XP level 1. HP: 16/16 MP: 1/1
    42 | D:1      | Reached skill level 1 in Stealth
    54 | D:1      | Reached XP level 2. HP: 8/21 MP: 2/2
   437 | D:1      | Reached XP level 3. HP: 26/26 MP: 3/3
  1143 | D:2      | Reached ** piety under Trog
  1739 | D:2      | Reached XP level 4. HP: 30/31 MP: 4/4
  1827 | D:3      | Found a faded altar of an unknown god.
  2178 | D:3      | Reached XP level 5. HP: 15/36 MP: 5/5
  2483 | D:3      | Found a broken altar of Ashenzari.
  2697 | D:4      | Reached skill level 5 in Stealth
  2718 | D:4      | Reached skill level 5 in Short Blades
  2718 | D:4      | Reached XP level 6. HP: 19/42 MP: 6/6
  3212 | D:4      | Found a staircase to the Ecumenical Temple.
  3527 | D:4      | Reached *** piety under Trog
  3821 | Temple   | Entered the Ecumenical Temple
  3839 | D:5      | Entered Level 5 of the Dungeon
  3923 | D:5      | Reached XP level 7. HP: 46/46 MP: 7/7
  3976 | D:5      | Identified the +4 chain mail of Decompression {Will+}
  4965 | D:6      | Noticed Prince Ribbit
  4988 | D:6      | Mangled by Prince Ribbit

Illustrated notes

Levels and vault maps discovered:
D:1:      scummos_arrival_hexagon, layout_basic, minivault_27
D:2:      layout_rooms
D:3:      layout_rooms, lemuel_doored_altar,
          shapermc_ecumenical_altar_mp_highgroup, minmay_misc_feat_ornament,
          minmay_misc_feat_x
D:4:      layout_loops_ring, minmay_temple_entry_grid
D:5:      layout_loops_ring
D:6:      cheibrodos_fzero, layout_loops_corners, uniq_prince_ribbit1
Temple:   nicolae_temple_the_god_donut

Skill      XL: |  1  2  3  4  5  6  7 |
---------------+----------------------+-----
Stealth        | 1 2 3 4 5 7 |  7.0
Short Blades   | 4 5 7 |  7.1
Dodging        | 4 |  4.1
Fighting       | |  3.0

Action                   |  1- 3 |  4- 6 |  7- 9 || total
-------------------------+-------+-------+-------++-------
Melee: Short sword       |    14 |       |       ||    14
       Constrict         |    12 |    17 |    10 ||    39
       Tentacles         |    11 |    23 |    17 ||    51
       Dagger            |    56 |   101 |    54 ||   211
Throw: Dart              |       |       |     1 ||     1
Invok: Berserk           |       |     1 |     2 ||     3
       Trog's Hand       |       |     1 |       ||     1
 Stab: Sleeping          |    15 |     8 |     3 ||    26
Armor: Skin              |     2 |     3 |     1 ||     6
Dodge: Dodged            |    22 |    36 |    39 ||    97

Table legend: (Time is in decaauts)
 A = Elapsed time spent in this place.
 B = Non-inter-level travel time spent in this place.
 C = Inter-level travel time spent in this place.
 D = Time resting spent in this place.
 E = Time spent auto-exploring this place.
 F = Levels seen in this place.
 G = Mean time per level.
                   A        B        C        D        E       F      G
               +--------+--------+--------+--------+--------+-----+--------+
         Total |   4940 |   4802 |    138 |    641 |   3623 |   7 |  705.7 |
       Dungeon |   4938 |   4800 |    138 |    641 |   3623 |   6 |  823.0 |
        Temple |      1 |      1 |      0 |      0 |      0 |   1 |    1.0 |
               +--------+--------+--------+--------+--------+-----+--------+

Top non-repeatable levels by time:
     D:4: 1142 daAuts
     D:1: 1124 daAuts
     D:5: 1096 daAuts
     D:3: 857 daAuts
     D:2: 678 daAuts
     D:6: 38 daAuts
  Temple: 1 daAuts
